 Dungeon Crawl Stone Soup version 0.31-a0-544-gceb718ecc6 (webtiles) character file.

Game seed: 8635096202558210084

653 Demosthentine the Poker (level 7, -6/55 HPs)
             Began as a Demonspawn Gladiator on Aug 15, 2023.
             Mangled by an ogre
             ... wielding a +0 giant club
              (34 damage)
             ... on level 4 of the Dungeon.
             The game lasted 00:03:50 (2768 turns).

Demosthentine the Poker (Demonspawn Gladiator)      Turns: 2768, Time: 00:03:51

Health: -6/55      AC:  4    Str: 16    XL:     7   Next: 29%
Magic:  7/7        EV: 13    Int:  9    God:
Gold:   1191       SH:  0    Dex: 15    Spells: 6/6 levels left

rFire   + . .        a - +0 trident (heavy)
rCold   . . .        (no shield)
rNeg    . . .        b - +0 leather armour
rPois   .            c - +0 helmet
rElec   .            (no cloak)
rCorr   .            (no gloves)
SInv    +            (no boots)
Will    .....        (no amulet)
Stlth   +            g - ring of see invisible
HPRegen 0.29/turn    l - ring of protection from fire
MPRegen 0.10/turn

%: no passive effects
@: no status effects
A: claws 1, hooves 1, spiny 2, weakness stinger 1
a: no special abilities


You were on level 4 of the Dungeon.
You visited 1 branch of the dungeon, and saw 4 of its levels.

You collected 1191 gold pieces.

Inventory:

Hand Weapons
 a - a +0 heavy trident (weapon)
Missiles
 d - a throwing net (quivered)
 e - a javelin
Armour
 b - a +0 leather armour (worn)
 c - a +0 helmet (worn)
Jewellery
 g - a ring of see invisible (left claw)
 l - a ring of protection from fire (right claw)
 o - a ring of flight
 p - a ring of protection from cold
Potions
 f - a potion of curing {unknown}
 h - a potion of might {unknown}
 i - 2 potions of heal wounds {unknown}
 j - a potion of haste {unknown}
 k - 2 potions of lignification {unknown}


   Skills:
 + Level 4.4 Fighting
 + Level 4.5 Polearms
 - Level 1.7 Throwing
 + Level 3.3 Armour
 + Level 4.5 Dodging


You had 6 spell levels left.
You didn't know any spells.
Your spell library contained the following spells:

 Spells                   Type           Power      Damage    Failure   Level
 Shock                    Conj/Air       0%         1d3       43%         1
 Wereblood                Tmut           0%         N/A       58%         2
 Call Canine Familiar     Summ           0%         N/A       82%         3
 Portal Projectile        Hex/Tloc       0%         N/A       82%         3
 Swiftness                Air            0%         N/A       82%         3
 Airstrike                Air            0%         2d(0-16)  99%         4
 Leda's Liquefaction      Hex/Erth       0%         N/A       99%         4
 Irradiate                Conj/Tmut      0%         3d11      100%        5


Dungeon Overview and Level Annotations

Branches:
Dungeon (4/15)
 Temple: D:4-7

Altars:

Shops:
D:2 (


Innate Abilities, Weirdness & Mutations

You have sharp fingernails.
You have large cloven feet.
You are mostly covered in sharp spines.
You have a small tail.


Message History

You are too injured to fight recklessly!
You are too injured to fight recklessly!
You are too injured to fight recklessly!
You hit the iguana but do no damage. You kick the iguana, but do no damage.
The iguana is almost dead.
The iguana bites you!
* * * LOW HITPOINT WARNING * * *
The iguana bites you but does no damage.
You hit the iguana but do no damage. Your kick misses the iguana.
Your tail-slap misses the iguana.
The iguana is almost dead.
The iguana bites you.
* * * LOW HITPOINT WARNING * * *
Okay, then.
Throw: throwing net
Press: ? - help, Q - select action, (/) - cycle Shift-Dir - straight line, f - iguana
Aim: an iguana (almost dead, 61% to hit)
You throw a throwing net. The throwing net hits the iguana.
The iguana is caught in the net!
The iguana is almost dead.
The iguana struggles against the net.
You hit the iguana.
You kill the iguana!
d - a throwing net You see here an iguana corpse.
There is a stone staircase leading down, spattered with blood here.
You start resting.
HP restored.
You climb downwards.
The gnoll is struck by your spines. The gnoll hits you with a +0 spear.
The ogre hits you with a +0 giant club!!
The ball python is struck by your spines.
The ball python completely misses you. The gnoll barely misses you.
There is a stone staircase leading up, spattered with blood here.
The ball python is struck by your spines.
You kill the ball python!
The ogre is struck by your spines.
The ogre hits you with a +0 giant club!!
Ouch! That really hurt!
You die...

#................
#..........#..#..
#...............
#.......$..#..##.
##........r....#
##.......####..
####.gJ.......
########.)g######.
#.....รท...@#
#.<.......O#
.........(##
.##.......#
##......# #.......
#......##
........#
.#......#


You could see an ogre, 2 gnolls, an endoplasm and a quokka.

Vanquished Creatures
  Sigmund (D:2)
  2 phantoms
  A howler monkey (D:3)
  Crazy Yiuf (D:3)
  Jessica (D:3)
  An iguana (D:3)
  Natasha (D:3)
  2 orc wizards (D:3)
  Robin (D:2)
  A gnoll (D:4)
  3 adders
  A worm (D:2)
  2 dart slugs
  4 orcs
  9 endoplasms
  2 giant cockroaches
  17 goblins
  6 hobgoblins
  4 jackals
  A quokka (D:3)
  9 ball pythons
  2 ball python zombies (D:2)
  2 bats
  5 frilled lizards
  9 kobolds
  A quokka skeleton (D:2)
  4 rats
93 creatures vanquished.

Notes
Turn   | Place    | Note
-------+----------+-------------------------------------------
     0 | D:1      | Demosthentine the Demonspawn Gladiator began the quest for
                  | the Orb.
     0 | D:1      | Reached XP level 1. HP: 16/16 MP: 1/1
   197 | D:1      | Gained mutation: You are partially covered in sharp spines.
                  | [demonic ancestry]
   197 | D:1      | Reached XP level 2. HP: 18/22 MP: 2/2
   807 | D:2      | Reached skill level 1 in Armour
   820 | D:2      | Found Kehiw's Weapon Boutique.
   820 | D:2      | Noticed a +0 executioner's axe
   820 | D:2      | Noticed a +0 bardiche
   828 | D:2      | Reached XP level 3. HP: 28/28 MP: 3/3
   865 | D:2      | Noticed Robin
  1000 | D:2      | Killed Robin
  1155 | D:2      | Noticed Sigmund
  1165 | D:2      | Discovered your monstrous ancestry.
  1165 | D:2      | Gained mutation: You have large cloven feet. [demonic
                  | ancestry]
  1165 | D:2      | Reached XP level 4. HP: 34/34 MP: 4/4
  1169 | D:2      | Killed Sigmund
  1170 | D:2      | Gained mutation: You have a small tail. [demonic ancestry]
  1170 | D:2      | Reached XP level 5. HP: 24/41 MP: 5/5
  1498 | D:2      | Identified a scroll of acquirement
  1498 | D:2      | Acquired 1034 gold pieces
  1561 | D:3      | Noticed Jessica
  1565 | D:3      | Killed Jessica
  1566 | D:3      | Gained mutation: You are mostly covered in sharp spines.
                  | [demonic ancestry]
  1566 | D:3      | Reached XP level 6. HP: 47/47 MP: 6/6
  1801 | D:3      | Noticed Natasha
  1806 | D:3      | Killed Natasha
  1881 | D:3      | Found a runed translucent door.
  1882 | D:3      | Noticed Crazy Yiuf
  2346 | D:3      | Killed Crazy Yiuf
  2433 | D:4      | Gained mutation: You have sharp fingernails. [demonic
                  | ancestry]
  2433 | D:4      | Reached XP level 7. HP: 47/54 MP: 7/7
  2768 | D:4      | Mangled by an ogre

Illustrated notes

Levels and vault maps discovered:
D:1:      lemuel_arrival_broad_hall, layout_basic, minmay_cut_off
D:2:      layout_rooms, serial_undead, serial_undead_b, serial_undead_a,
          serial_undead_f, serial_undead_c, serial_shops,
          nicolae_shop_mannequins, uniq_sigmund, uniq_robin
D:3:      layout_loops_ring, chequers_serial_rivers_room_b,
          minmay_misc_feat_encased, uniq_crazy_yiuf_cottage, uniq_natasha,
          uniq_jessica
D:4:      layout_rooms, minmay_box_of_dots

Skill      XL: |  1  2  3  4  5  6 |
---------------+-------------------+-----
Polearms       | 3 4 |  4.5
Dodging        | 3 4 |  4.5
Armour         | 1 2 3 |  3.3
Fighting       | 3 4 |  4.4
Throwing       | |  1.7

Action                     |  1- 3 |  4- 6 |  7- 9 || total
---------------------------+-------+-------+-------++-------
  Melee: Trident           |   106 |    88 |     8 ||   202
         Punch             |     1 |     1 |       ||     2
         Kick              |       |    29 |     2 ||    31
         Tailslap          |       |     4 |     1 ||     5
  Throw: Throwing net      |     1 |     1 |     1 ||     3
    Use: Scroll            |     1 |     6 |       ||     7
   Stab: Sleeping          |     1 |     1 |       ||     2
         Held in net/web   |     1 |     1 |       ||     2
 Armour: Leather armour    |    20 |    10 |     1 ||    31
  Dodge: Dodged            |    57 |    27 |    13 ||    97

Table legend: (Time is in decaauts)
 A = Elapsed time spent in this place.
 B = Non-inter-level travel time spent in this place.
 C = Inter-level travel time spent in this place.
 D = Time resting spent in this place.
 E = Time spent auto-exploring this place.
 F = Levels seen in this place.
 G = Mean time per level.
                   A        B        C        D        E       F      G
               +--------+--------+--------+--------+--------+-----+--------+
         Total |   2808 |   2740 |     68 |    376 |   1803 |   4 |  702.0 |
       Dungeon |   2808 |   2740 |     68 |    376 |   1803 |   4 |  702.0 |
               +--------+--------+--------+--------+--------+-----+--------+

Top non-repeatable levels by time:
     D:3: 1225 daAuts
     D:1: 894 daAuts
     D:2: 632 daAuts
     D:4: 55 daAuts
